Map: Zielone pola

Players

TheBiller

  • Race: Terran Terran
  • Spawn Location: 6:00

GHOST

  • Race: Protoss Protoss
  • Spawn Location: 3:00

thepinkbird

  • Race: Terran Terran
  • League: Gold
  • Spawn Location: 7:00

Tesla

  • Race: Terran Terran
  • League: Gold
  • Spawn Location: 9:00

Gracz

  • Race: Terran Terran
  • Spawn Location: 12:00

Suthape

  • Race: Protoss Protoss
  • Spawn Location: 1:00

VOD

Have the link to the VOD?

Description

Time

  • Played on: March 1, 2016, 7:41 a.m.
  • Length: 5:39
Show
View Real Time Build Order
Export as new Build Order

TheBiller Terran 

Build Orders:  

Get SALT Encoding   

  12  0:11  Supply Depot  
  12  0:23  SCV  
  12  0:26  Refinery  
  13  0:35  SCV  
  14  0:44  Barracks  
  14  0:50  SCV  
  15  1:02  SCV  
  16  1:21  Barracks, SCV  
  17  1:31  Reaper  
  18  1:34  SCV  
  19  1:44  Supply Depot  
  19  1:46  SCV  
  20  1:50  Refinery  
  20  2:03  Reaper  
  21  2:09  Reaper  
  22  2:16  SCV  
  23  2:26  Engineering Bay  
  23  2:40  Factory  
  23  2:51  Barracks Tech Lab  
  23  2:54  Terran Infantry Weapons Level 1  
  23  2:55  Barracks Reactor  
  21  3:22  Reaper  
  22  3:35  Factory Tech Lab  
  22  3:38  Starport  
  22  3:47  Reaper  
  23  3:52  Reaper  
  23  3:54  Reaper  
  25  4:19  Reaper  
  26  4:24  Reaper  
  27  4:39  Starport Tech Lab  
  27  4:43  Starport  
  27  4:50  Supply Depot  
  25  5:15  Supply Depot  
  31  5:37  Supply Depot  
Show
View Real Time Build Order
Export as new Build Order

GHOST Protoss 

Build Orders: Dark Templar Rush 

Get SALT Encoding   

  12  0:02  Probe (Chrono Boost)  
  13  0:13  Probe (Chrono Boost)  
  14  0:19  Pylon  
  14  0:32  Assimilator  
  14  0:42  Gateway  
  14  0:43  Probe (Chrono Boost)  
  15  0:53  Probe (Chrono Boost)  
  17  1:04  Probe (Chrono Boost)  
  17  1:06  Pylon  
  17  1:14  Assimilator, Probe (Chrono Boost)  
  18  1:25  Probe (Chrono Boost)  
  19  1:30  Cybernetics Core  
  19  1:38  Forge  
  19  1:43  Probe (Chrono Boost)  
  20  1:53  Probe (Chrono Boost)  
  21  2:05  Probe (Chrono Boost)  
  24  2:16  Mothership Core (Chrono Boost)  
  24  2:17  Twilight Council  
  24  2:18  Adept  
  24  2:21  Warp Gate (Chrono Boost)  
  26  2:29  Gateway  
  26  2:38  Photon Cannon  
  26  2:47  Photon Cannon  
  27  2:58  Probe (Chrono Boost)  
  26  3:09  Probe (Chrono Boost)  
  27  3:38  Nexus  
  26  3:41  Dark Shrine  
  26  3:54  Pylon  
  24  4:30  Nexus  
  24  4:38  Stalker x2  
  27  4:47  Pylon  
  24  4:59  Probe  
  23  5:06  Stalker x2  
  26  5:11  Probe  
  27  5:33  Dark Templar  
  27  5:34  Dark Templar  
  31  5:39  Gateway  
Show
View Real Time Build Order
Export as new Build Order

thepinkbird Terran 

Build Orders:  

Get SALT Encoding   

  12  0:01  SCV  
  13  0:13  SCV  
  14  0:19  Supply Depot  
  14  0:25  SCV  
  15  0:30  Refinery  
  15  0:40  SCV  
  16  0:48  Barracks  
  16  0:52  SCV  
  17  1:04  SCV  
  17  1:07  Barracks  
  18  1:17  SCV  
  19  1:20  Refinery  
  19  1:29  SCV  
  20  1:33  Supply Depot  
  20  1:37  Reaper  
  21  1:42  SCV  
  22  1:55  Reaper  
  22  1:59  Orbital Command  
  23  2:09  Reaper  
  23  2:13  Barracks  
  24  2:22  Supply Depot  
  24  2:25  SCV  
  24  2:28  Reaper  
  26  2:37  SCV  
  26  2:41  Reaper  
  28  2:48  Supply Depot  
  28  2:49  SCV  
  29  3:00  Reaper  
  29  3:01  Reaper  
  31  3:15  SCV, Reaper  
  33  3:27  SCV  
  33  3:32  Reaper  
  33  3:33  Supply Depot, Command Center, Reaper  
  36  3:40  SCV  
  37  3:47  Reaper  
  37  3:52  SCV  
  38  4:09  Reaper x2  
  40  4:10  SCV  
  40  4:27  Reaper  
  40  4:28  SCV  
  39  4:58  Marine x2, Engineering Bay  
  41  5:05  Marine  
  42  5:14  SCV  
  41  5:22  Barracks Tech Lab, Barracks Reactor  
  41  5:26  SCV  
  42  5:33  Missile Turret  
  42  5:34  Factory  
Show
View Real Time Build Order
Export as new Build Order

Tesla Terran 

Build Orders:  

Get SALT Encoding   

  12  0:05  SCV  
  13  0:19  SCV  
  13  0:20  Supply Depot  
  14  0:26  Refinery  
  14  0:31  SCV  
  15  0:43  SCV  
  15  0:46  Barracks  
  16  0:57  SCV  
  17  1:09  SCV  
  18  1:23  SCV  
  19  1:35  Factory  
  19  1:37  Orbital Command  
  19  1:45  Supply Depot  
  19  1:46  Reaper  
  20  1:55  Refinery  
  20  1:56  Supply Depot  
  20  2:05  SCV  
  21  2:17  SCV  
  21  2:21  Barracks Reactor  
  22  2:28  Factory Tech Lab  
  22  2:31  Command Center  
  22  2:34  SCV  
  23  2:46  SCV  
  24  2:58  SCV  
  25  3:11  SCV  
  25  3:12  Engineering Bay  
  26  3:23  Command Center, SCV  
  27  3:29  Stimpack  
  27  3:35  SCV  
  27  3:40  Missile Turret  
  28  3:46  Bunker, Widow Mine  
  28  3:47  SCV, Widow Mine  
  33  3:59  SCV  
  34  4:04  Orbital Command  
  34  4:11  SCV  
  35  4:20  Supply Depot  
  35  4:23  SCV  
  36  4:26  Missile Turret  
  36  4:35  SCV  
  36  4:38  SCV  
  38  4:41  Widow Mine x2  
  38  4:42  Supply Depot  
  42  4:47  SCV  
  42  4:49  Refinery  
  42  4:50  SCV  
  42  4:52  Refinery  
  44  4:59  SCV  
  45  5:05  Starport  
  45  5:09  Engineering Bay  
  45  5:12  SCV, Orbital Command  
  46  5:19  SCV  
  49  5:37  Supply Depot  
Show
View Real Time Build Order
Export as new Build Order

Gracz Terran 

Build Orders:  

Get SALT Encoding   

  12  0:02  SCV  
  13  0:14  SCV  
  14  0:25  Supply Depot  
  14  0:26  SCV  
  15  0:32  Supply Depot  
  15  0:47  SCV  
  16  0:51  Refinery  
  16  1:24  Barracks  
  16  1:29  Barracks  
  16  1:35  SCV  
  17  1:42  Barracks  
  18  1:47  SCV  
  18  1:59  Refinery, SCV  
  19  2:11  SCV  
  20  2:20  Engineering Bay  
  20  2:32  Factory  
  20  2:39  SCV  
  21  2:45  Marine  
  21  2:46  Marine x2  
  21  2:51  SCV  
  21  3:32  Factory  
  21  3:33  Barracks Reactor  
  21  3:36  Barracks Tech Lab  
  21  3:39  Factory Tech Lab  
  21  3:40  SCV  
  19  3:50  Marine  
  19  3:52  SCV  
  12  4:06  SCV  
  8  4:12  Reaper x2  
  4  4:18  SCV  
  5  4:30  SCV  
  4  4:34  Marauder  
  5  4:42  SCV  
  5  4:54  SCV  
Show
View Real Time Build Order
Export as new Build Order

Suthape Protoss 

Build Orders:  

Get SALT Encoding   

  12  0:02  Probe (Chrono Boost)  
  13  0:13  Probe (Chrono Boost)  
  14  0:22  Pylon  
  14  0:29  Probe (Chrono Boost)  
  14  0:34  Assimilator  
  15  0:41  Probe (Chrono Boost)  
  16  0:52  Gateway  
  16  1:03  Pylon  
  16  1:10  Pylon  
  16  1:12  Probe (Chrono Boost)  
  17  1:20  Pylon  
  17  1:23  Probe (Chrono Boost)  
  18  1:41  Forge  
  18  1:43  Zealot  
  20  1:48  Gateway  
  20  1:54  Pylon  
  20  2:08  Assimilator  
  20  2:14  Cybernetics Core  
  20  2:17  Zealot  
  22  2:29  Probe (Chrono Boost)  
  23  3:08  Photon Cannon  
  23  3:29  Photon Cannon  
  23  3:37  Photon Cannon  
  23  3:42  Mothership Core (Chrono Boost)  
  25  4:03  Photon Cannon  
  25  4:46  Probe (Chrono Boost)  
  26  4:56  Photon Cannon  
  26  5:02  Twilight Council  
  26  5:07  Pylon  
Tags
 
Add a new tag
Caveats
  • Supply blocks, unpowered buildings, or Contaminate may cause inaccurate times.
  • Supply counts are checked every 10 seconds.